 Dungeon Crawl Stone Soup version 0.30-b1-2-g02819fbbbe (webtiles) character file.

Game seed: 15094885161150766734

46 magipi the Digger (level 3, 0/19 HPs)
             Began as a Gargoyle Earth Elementalist on June 3, 2023.
             Killed from afar by Sigmund (8 damage)
             ... with a puff of flame
             ... on level 2 of the Dungeon.
             The game lasted 00:03:48 (1006 turns).

magipi the Digger (Gargoyle Earth Elementalist)     Turns: 1006, Time: 00:03:51

Health: 0/19       AC:  5    Str: 17    XL:     3   Next: 66%
Magic:  6/6        EV: 11    Int: 17    God:
Gold:   55         SH:  0    Dex: 10    Spells: 4/7 levels left

rFire   . . .        a - +0 dagger
rCold   . . .        (no shield)
rNeg    + . .        f - +0 robe
rPois   ∞            (no helmet)
rElec   +            (no cloak)
rCorr   .            (no gloves)
SInv    .            (no boots)
Will    .....        (no amulet)
Stlth   ++           d - +6 ring of strength
HPRegen 0.23/turn    (no ring)
MPRegen 0.10/turn

%: no passive effects
@: no status effects
A: sickness immunity, AC +3, negative energy resistance 1, electricity
resistance, torment resistance 1, petrification resistance
a: no special abilities


You were on level 2 of the Dungeon.
You visited 1 branch of the dungeon, and saw 2 of its levels.

You collected 55 gold pieces.

Inventory:

Hand Weapons
 a - a +0 dagger (weapon)
   (You took it off a goblin on level 1 of the Dungeon)
Armour
 f - a +0 robe (worn)
Jewellery
 d - a +6 ring of strength (left hand)
   (You found it on level 1 of the Dungeon)
Scrolls
 g - a scroll of magic mapping {unknown}
Potions
 b - a potion of magic
 c - a potion of attraction {unknown}
 e - a potion of mutation {unknown}


   Skills:
 - Level 1.5 Dodging
 - Level 2.1 Stealth
 + Level 2.6 Spellcasting
 + Level 1.6 Transmutations
 + Level 4.3 Earth Magic


You had 4 spell levels left.
You knew the following spells:

 Your Spells              Type           Power      Damage    Failure   Level
e - Sandblast             Erth           34%        2d9       3%          1
w - Passwall              Tmut/Erth      10%        N/A       9%          2

Your spell library contained the following spells:

 Spells                   Type           Power      Damage    Failure   Level
 Stone Arrow              Conj/Erth      18%        3d8       22%         3
 Petrify                  Tmut/Erth      12%        N/A       47%         4


Dungeon Overview and Level Annotations

Branches:
Dungeon (2/15)

Altars:

Annotations:
D:2 Sigmund


Innate Abilities, Weirdness & Mutations

You are immune to sickness and miasma.
Your stone body is resilient. (AC +3)
You are immune to poison.
You resist negative energy. (rN+)
You are resistant to electric shocks. (rElec)
You are resistant to unholy torment.
You are immune to petrification.


Message History

Confirm with . or Enter, or press ? or * to list all spells.
Aiming: Sandblast (safe; 3% risk of failure)
Press: ? - help, Shift-Dir - straight line, f - ball python
Aim: a ball python (80% to hit)
The blast of sand hits the ball python!
You kill the ball python!
Unknown command.
A goblin comes into view. It is wielding a +0 dagger.
There is a shaft here.
Sigmund the Dreaded comes into view.
He is wielding a +0 scythe and carrying a wand of flame (26).
Sigmund shouts!
You hear a shout! x2
Sigmund zaps a wand.
The puff of flame hits you!
Ouch! That really hurt!
Sigmund casts a spell.
Sigmund flickers and vanishes!
Deactivating autopickup; reactivate with Ctrl-A.
A puff of flame appears from out of thin air!
The puff of flame misses you.
There is a shaft here.
You see here 3 poisoned darts.
You hear a zap.
A puff of flame appears from out of thin air!
The puff of flame hits you!
There is a stone staircase leading up here.
You hear a zap.
A puff of flame appears from out of thin air!
The puff of flame hits you.
You climb upwards.
Reactivating autopickup.
There is a stone staircase leading down here.
Unknown command.
You start resting.
HP restored.
You climb downwards.
Level annotation: Sigmund Sigmund gestures at you while chanting.
The puff of flame hits you!
Ouch! That really hurt!
Sigmund zaps a wand.
The puff of flame hits you!
You die...

....... ..# #....... .....
#.####.#####. .....
#.##....†# ## ...
#.##.....#### ...
###...........# #.#
....#.....##.# #.#
##.##.....##.#
#.########.@..(.......
#..†.@.....####.####.#
############ #.# ##..
####.# #... #.^..# #.## .
#.#### #.# ..# #.# #.#
.... #.# ###.# ..{..
#########.####...#
......##.............###..


You could see Sigmund.

Vanquished Creatures
  A worm (D:2)
  2 dart slugs (D:1)
  3 ball pythons
  4 bats (D:1)
  2 endoplasms (D:1)
  2 giant cockroaches (D:1)
  3 goblins (D:1)
  3 hobgoblins (D:1)
  3 jackals (D:1)
  4 quokkas
  2 frilled lizards (D:1)
  A kobold (D:1)
  3 rats
33 creatures vanquished.

Notes
Turn   | Place    | Note
-------+----------+-------------------------------------------
     0 | D:1      | magipi the Gargoyle Earth Elementalist began the quest for
                  | the Orb.
     0 | D:1      | Reached XP level 1. HP: 10/10 MP: 3/3
   106 | D:1      | Reached skill level 1 in Transmutations
   146 | D:1      | Reached XP level 2. HP: 15/15 MP: 3/5
   267 | D:1      | Reached skill level 4 in Earth Magic
   378 | D:1      | Learned a level 2 spell: Passwall
   489 | D:1      | Reached XP level 3. HP: 16/19 MP: 3/6
   920 | D:2      | Noticed Sigmund
  1006 | D:2      | Killed from afar by Sigmund

Illustrated notes

Levels and vault maps discovered:
D:1:      beargit_arrival_diablo_church, layout_basic
D:2:      layout_loops_ring, basic_ecumenical_altar,
          chequers_serial_rivers_small_b, uniq_sigmund, uniq_jessica

Skill      XL: |  1  2 |
---------------+-------+-----
Transmutations | 1 |  1.6
Earth Magic    | 4 |  4.3
Dodging        | |  1.5
Stealth        | |  2.1
Spellcasting   | |  2.6

Action                     || total
---------------------------++-------
  Melee: Unarmed           ||     6
         Dagger            ||     1
   Cast: Sandblast         ||    43
         Passwall          ||     1
   Stab: Sleeping          ||     1
 Armour: Robe              ||    10
  Dodge: Dodged            ||    15

Action                     || total
---------------------------++-------
  Melee: Unarmed           ||     6
         Dagger            ||     1
   Cast: Sandblast         ||    43
         Passwall          ||     1
   Stab: Sleeping          ||     1
 Armour: Robe              ||    10
  Dodge: Dodged            ||    15
